 Dungeon Crawl Stone Soup version 0.28-a0-1412-gf95308ed99 (webtiles) character file.

Game seed: 11661737132681884383

89 ipx the Bolt Thrower (level 4, 0/28 HPs)
             Began as a Gargoyle Arcane Marksman on Jan 6, 2022.
             Slain by an adder (2 damage)
             ... on level 2 of the Dungeon.
             The game lasted 00:08:01 (685 turns).

ipx the Bolt Thrower (Gargoyle Arcane Marksman)      Turns: 685, Time: 00:08:02

Health: 0/28       AC:  5    Str: 15    XL:     4   Next: 55%
Magic:  5/5        EV: 11    Int: 14    God:
Gold:   49         SH:  0    Dex: 10    Spells: 4/5 levels left

rFire   . . .      SeeInvis .   b - +0 falchion
rCold   . . .      Faith    .   (no shield)
rNeg    + . .      Spirit   .   d - +0 robe
rPois   ∞          Reflect  .   (no helmet)
rElec   +          Harm     .   (no cloak)
rCorr   .          Rampage  .   (no gloves)
Will    .....                   (no boots)
Stlth   +.........              (no amulet)
HPRegen 0.09/turn               w - ring of wizardry
MPRegen 0.09/turn               (no ring)

@: no status effects
A: sickness immunity, AC +3, negative energy resistance 1, electricity
resistance, torment resistance 1, petrification resistance
a: no special abilities


You were on level 2 of the Dungeon.
You visited 1 branch of the dungeon, and saw 3 of its levels.

You collected 49 gold pieces.

Inventory:

Hand Weapons
 a - a +0 hand crossbow
 b - a +0 falchion (weapon)
Missiles
 c - 5 bolts
 e - 16 poisoned darts (quivered)
Armour
 d - a +0 robe (worn)
Jewellery
 w - a ring of wizardry (left hand)
Scrolls
 f - a scroll of blinking {unknown}


   Skills:
 + Level 3.3 Fighting
 - Level 3.5 Crossbows
 - Level 1.5 Dodging
 - Level 1.0 Spellcasting
 - Level 2.6 Hexes


You had 4 spell levels left.
You knew the following spells:

 Your Spells              Type           Power      Damage    Failure   Level
s - Slow                  Hex            32%        N/A       3%          1

Your spell library contained the following spells:

 Spells                   Type           Power      Damage    Failure   Level
 Inner Flame              Hex/Fire       4%         N/A       17%         3
 Portal Projectile        Hex/Tloc       8%         N/A       17%         3
 Cause Fear               Hex            4%         N/A       32%         4


Dungeon Overview and Level Annotations

Branches:
Dungeon (3/15)

Altars:
Yredelemnul


Innate Abilities, Weirdness & Mutations

You are immune to sickness and miasma.
Your stone body is resilient. (AC +3)
You are immune to poison.
You resist negative energy. (rN+)
You are resistant to electric shocks. (rElec)
You are resistant to unholy torment.
You are immune to petrification.


Message History

The adder bites you but does no damage. The adder closely misses you.
You barely miss the adder.
The adder is severely wounded.
The adder bites you but does no damage. The adder closely misses you.
You closely miss the adder.
The adder is severely wounded.
The adder barely misses you.
You hit the adder.
The adder is severely wounded.
The adder bites you but does no damage. x2
You barely miss the adder.
The adder is severely wounded.
The adder barely misses you. x2
You closely miss the adder.
The adder is severely wounded.
The adder bites you but does no damage.
You barely miss the adder.
The adder is severely wounded.
The adder bites you.
* * * LOW HITPOINT WARNING * * *
The adder bites you.
* * * LOW HITPOINT WARNING * * *
You hit the adder but do no damage.
The adder is severely wounded.
The adder misses you. The adder bites you but does no damage.
You barely miss the adder.
The adder is severely wounded.
The adder barely misses you.
You closely miss the adder. Your punch misses the adder.
The adder is severely wounded.
The adder barely misses you. The adder closely misses you.
You closely miss the adder.
The adder is severely wounded.
The adder bites you.
* * * LOW HITPOINT WARNING * * *
The adder bites you but does no damage.
You barely miss the adder.
The adder is severely wounded.
The adder bites you.
You die...

#...........#.............#
###.##........#.##########..#
.........#.#..#.# #..#
.##[####.#.#..#.# #..#
.....(...#.#..#.# #..#
..#†######.####.# ##)# ..#.#
#.####.## #># ..#.#
#........# ###
..#.############@## ....†..#
#S.# .##..#..# ######.#
###.###..# #..###.# #..#..##
##..#..# #......###.....##
###.#...#...#..#
###....†###..# ##._.## ##.#


You could see an adder.

Vanquished Creatures
  2 gnolls
  2 adders (D:2)
  3 dart slugs
  An orc (D:2)
  2 bats
  6 endoplasms
  2 goblins
  3 hobgoblins
  4 jackals (D:1)
  A quokka (D:1)
  7 ball pythons
  A frilled lizard (D:2)
  6 kobolds
  5 rats
45 creatures vanquished.

Notes
Turn   | Place    | Note
-------+----------+-------------------------------------------
     0 | D:1      | ipx the Gargoyle Arcane Marksman began the quest for the
                  | Orb.
     0 | D:1      | Reached XP level 1. HP: 12/12 MP: 2/2
    19 | D:1      | Reached XP level 2. HP: 17/17 MP: 3/3
   256 | D:1      | Reached XP level 3. HP: 17/21 MP: 4/4
   263 | D:2      | Found a basalt altar of Yredelemnul.
   437 | D:2      | Reached XP level 4. HP: 14/27 MP: 5/5
   653 | D:2      | Found a faded altar of an unknown god.
   685 | D:2      | Slain by an adder

Illustrated notes

Levels and vault maps discovered:
D:1:      evilmike_arrival_plus, layout_basic
D:2:      layout_basic, nicolae_ecumenical_snake_handling, basic_altar,
          minmay_close_crescents
D:3:      layout_basic, serial_curves, eino_curves_04, eino_curves_03,
          eino_curves_01, eino_curves_02

Skill      XL: |  1  2  3  4 |
---------------+-------------+-----
Fighting       | 2 3 |  3.3
Crossbows      | 3 |  3.5
Dodging        | |  1.5
Spellcasting   | |  1.0
Hexes          | |  2.6

Action                   |  1- 3 |  4- 6 || total
-------------------------+-------+-------++-------
Melee: Dagger            |    14 |     7 ||    21
       Falchion          |       |    35 ||    35
 Fire: Hand crossbow     |    66 |    13 ||    79
 Cast: Slow              |       |     5 ||     5
  Use: Potion            |       |     1 ||     1
Armor: Robe              |    16 |    14 ||    30
Dodge: Dodged            |    26 |    28 ||    54

Table legend: (Time is in decaauts)
 A = Elapsed time spent in this place.
 B = Non-inter-level travel time spent in this place.
 C = Inter-level travel time spent in this place.
 D = Time resting spent in this place.
 E = Time spent auto-exploring this place.
 F = Levels seen in this place.
 G = Mean time per level.
                   A        B        C        D        E       F      G
               +--------+--------+--------+--------+--------+-----+--------+
         Total |    699 |    699 |      0 |      0 |      0 |   3 |  233.0 |
       Dungeon |    699 |    699 |      0 |      0 |      0 |   3 |  233.0 |
               +--------+--------+--------+--------+--------+-----+--------+

Top non-repeatable levels by time:
     D:2: 310 daAuts
     D:1: 278 daAuts
     D:3: 111 daAuts
